 Dungeon Crawl Stone Soup version 0.30.0-5-g1a98f26d00 (webtiles) character file.

Game seed: 17886080062512217624

52 Edyrem the Trooper (level 3, -12/26 HPs)
             Began as a Gargoyle Monk on May 10, 2023.
             Mangled by an ogre
             ... wielding a +0 giant club
              (16 damage)
             ... on level 3 of the Dungeon.
             The game lasted 00:03:26 (1493 turns).

Edyrem the Trooper (Gargoyle Monk)                  Turns: 1493, Time: 00:03:26

Health: -12/26     AC:  8    Str: 16    XL:     3   Next: 85%
Magic:  3/3        EV: 11    Int: 10    God:
Gold:   104        SH:  0    Dex: 12    Spells: 2/2 levels left

rFire   . . .        a - +0 mace
rCold   . . .        d - orb {light}
rNeg    + . .        m - +0 ring mail
rPois   ∞            (no helmet)
rElec   +            (no cloak)
rCorr   .            (no gloves)
SInv    .            (no boots)
Will    .....        (no amulet)
Stlth   +            (no ring)
HPRegen 0.24/turn    (no ring)
MPRegen 0.08/turn

%: no passive effects
@: glowing
A: sickness immunity, AC +3, negative energy resistance 1, electricity
resistance, torment resistance 1, petrification resistance
a: no special abilities


You were on level 3 of the Dungeon.
You visited 1 branch of the dungeon, and saw 3 of its levels.

You collected 104 gold pieces.

Inventory:

Hand Weapons
 a - a +0 mace (weapon)
 b - a +0 sling
 i - a +3 dagger
 o - a +0 whip
Armour
 d - an orb of light (worn)
 m - a +0 ring mail (worn)
Scrolls
 f - a scroll of blinking {unknown}
 h - 2 scrolls of fog {unknown}
 j - 2 scrolls of identify {unknown}
 k - a scroll of teleportation {unknown}
 l - 2 scrolls of enchant armour {unknown}
 n - a scroll of torment {unknown}
Potions
 c - a potion of ambrosia
 e - a potion of magic {unknown}
 g - a potion of brilliance {unknown}


   Skills:
 + Level 5.1 Fighting
 - Level 3.0 Maces & Flails
 - Level 2.4 Dodging


You had 2 spell levels left.
You didn't know any spells.
Your spell library contained the following spells:

 Spells                   Type           Power      Damage    Failure   Level
 Stone Arrow              Conj/Erth      0%         3d7       91%         3
 Animate Armour           Summ/Erth      0%         N/A       100%        4
 Lehudib's Crystal Spear  Conj/Erth      0%         10d2      100%        8


Dungeon Overview and Level Annotations

Branches:
Dungeon (3/15)

Altars:


Innate Abilities, Weirdness & Mutations

You are immune to sickness and miasma.
Your stone body is resilient. (AC +3)
You are immune to poison.
You resist negative energy. (rN+)
You are resistant to electric shocks. (rElec)
You are resistant to unholy torment.
You are immune to petrification.


Message History

You kill the ball python!
No target in view!
You see here a ball python corpse.
You now have 104 gold pieces (gained 12).
Found a rapier.
An ogre comes into view. It is wielding a +0 giant club.
The ogre shouts!
A bat comes into view.
The bat hits you. x2
The bat attacks as you move away! The bat hits you.
The bat hits you but does no damage. The bat barely misses you.
The bat attacks as you move away! The bat barely misses you.
The bat hits you but does no damage.
You hit the bat but do no damage. The bat misses you.
The bat closely misses you.
You completely miss the bat. The bat hits you.
The bat hits you but does no damage.
You hit the bat.
The bat is severely wounded.
The bat hits you but does no damage. The bat closely misses you. x2
You hit the bat.
You kill the bat!
You sock the ogre!
The ogre is moderately wounded.
The ogre closely misses you.
You hit the ogre.
The ogre is heavily wounded.
The ogre hits you with a +0 giant club!!
Ouch! That really hurt!
* * * LOW HITPOINT WARNING * * *
You sock the ogre!
The ogre is almost dead.
The ogre misses you.
You hit the ogre but do no damage.
The ogre is almost dead.
You hit the ogre.
The ogre is almost dead.
The ogre hits you with a +0 giant club!
Ouch! That really hurt!
You die...

.# #. .# #. #.# .#
#.######.#
.#####..... ).. ..
....... #.# ># ....#
#.# ####.# #..# #.#
.....# #..###.###
###..#######...O@...#
.............####.#.#
###.######### #.#.#
#.# #...# ###.##
#.### .#...# ##.#
...##.## #..# ##.#
#.### #..# #.###...
####..#


You could see an ogre.

Vanquished Creatures
  2 dart slugs (D:1)
  8 ball pythons
  9 endoplasms
  2 giant cockroaches (D:1)
  2 hobgoblins
  3 kobolds (D:1)
  2 quokkas (D:1)
  3 bats
  4 frilled lizards
  6 goblins
  4 rats
45 creatures vanquished.

Notes
Turn   | Place    | Note
-------+----------+-------------------------------------------
     0 | D:1      | Edyrem the Gargoyle Monk began the quest for the Orb.
     0 | D:1      | Reached XP level 1. HP: 14/14 MP: 1/1
    72 | D:1      | Reached XP level 2. HP: 7/20 MP: 2/2
   156 | D:1      | Reached skill level 4 in Fighting
   175 | D:1      | Found a faded altar of an unknown god.
   319 | D:1      | Reached XP level 3. HP: 24/24 MP: 3/3
   963 | D:2      | Reached skill level 5 in Fighting
  1479 | D:3      | Noticed an ogre
  1493 | D:3      | Mangled by an ogre

Illustrated notes

Levels and vault maps discovered:
D:1:      minmay_arrival_jagged, layout_basic,
          hellmonk_ecumenical_altar_heavens_door
D:2:      layout_basic, serial_glass, glass_columns_b, glass_columns_a
D:3:      kennysheep_six_static_rooms, layout_loops_ring,
          mainiacjoe_overflow_surrounded_room,
          gammafunk_temple_overflow_forgotten, nicolae_wu_jian_wuxing_cycle,
          uniq_grinder

Skill      XL: |  1  2  3 |
---------------+----------+-----
Fighting       | 4 5 |  5.1
Maces & Flails | |  3.0
Dodging        | |  2.4

Action                     || total
---------------------------++-------
  Melee: Mace              ||    98
   Fire: Sling             ||     5
 Armour: Robe              ||    21
         Ring mail         ||    14
  Dodge: Dodged            ||    75
